 Dungeon Crawl Stone Soup version 0.30-a0-422-g946f4849ff (webtiles) character file.

Game seed: 5824366416136493464

231 McMuffin the Conjurer (level 5, 0/40 HPs)
             Began as a Demigod Wanderer on Dec 8, 2022.
             Killed by nerve-wracking pain
             ... invoked by Grinder
              (14 damage)
             ... on level 4 of the Dungeon.
             The game lasted 00:31:21 (3465 turns).

McMuffin the Conjurer (Demigod Wanderer)            Turns: 3465, Time: 00:31:21

Health: 0/40       AC:  8    Str: 10    XL:     5   Next: 44%
Magic:  6/10       EV: 15    Int: 17    God:
Gold:   165        SH:  6    Dex: 17    Spells: 7/8 levels left

rFire   + . .      SeeInvis +    B - +1 rapier
rCold   . . .      Faith    .    q - +2 buckler
rNeg    . . .      Spirit   .    i - +2 leather armour {rF+}
rPois   .          Reflect  .    b - +0 hat
rElec   .          Harm     .    m - +0 cloak
rCorr   .          Rampage  .    x - +0 pair of gloves
Will    .....                    v - +0 pair of boots
Stlth   +.........               G - amulet of the acrobat
HPRegen 0.26/turn                A - +4 ring of evasion
MPRegen 0.12/turn                D - ring of see invisible

@: no status effects
A: high MP 1, forlorn, divine attributes
a: no special abilities


You were on level 4 of the Dungeon.
You visited 1 branch of the dungeon, and saw 4 of its levels.

You collected 165 gold pieces.

Inventory:

Hand Weapons
 a - a +0 dagger
 h - a +0 mace
 p - a +0 short sword
 B - a +1 rapier (weapon)
Armour
 b - a +0 hat (worn)
 d - a +0 robe
 f - a +1 animal skin
 i - a +2 leather armour of fire resistance (worn)
 j - a +0 scale mail
 m - a +0 cloak (worn)
 q - a +2 buckler (worn)
 u - a +0 helmet
 v - a +0 pair of boots (worn)
 w - a +0 leather armour
 x - a +0 pair of gloves (worn)
Magical Staves
 r - a staff of poison
Jewellery
 A - a +4 ring of evasion (left hand)
 D - a ring of see invisible (right hand)
 G - an amulet of the acrobat (around neck)
Wands
 g - a wand of roots (4)
Scrolls
 e - a scroll of teleportation
 k - 2 scrolls of immolation
 n - a scroll of poison
 E - 2 scrolls of magic mapping
Potions
 c - 2 potions of attraction
 t - a potion of flight
 z - 2 potions of lignification {unknown}
 C - a potion of ambrosia {unknown}


   Skills:
 + Level 1.2 Fighting
 + Level 1.9 Short Blades
 + Level 1.0 Maces & Flails
 + Level 1.5 Armour
 + Level 1.0 Dodging
 + Level 0.5 Stealth
 + Level 1.0 Shields
 + Level 2.0 Spellcasting
 + Level 4.2 Conjurations
 + Level 1.3 Air Magic
 + Level 2.8 Evocations


You had 7 spell levels left.
You knew the following spells:

 Your Spells              Type           Power      Damage    Failure   Level
a - Shock                 Conj/Air       44%        1d5       12%         1

Your spell library contained the following spells:

 Spells                   Type           Power      Damage    Failure   Level
 Magic Dart               Conj           64%        1d6       6%          1
 Searing Ray              Conj           32%        2d5       10%         2


Dungeon Overview and Level Annotations

Branches:
Dungeon (4/15)
 Temple: D:4-7

Annotations:
D:4 Grinder


Innate Abilities, Weirdness & Mutations

You have an increased reservoir of magic. (+10% MP)
You shall have no god before yourself.
Your divine heritage dramatically boosts your attributes as you level up.


Message History

Grinder gestures at you.
You struggle to resist.
Grinder gestures at you. Pain shoots through your body!
You hit Grinder.
Grinder is heavily wounded.
Grinder barely misses you.
You hit Grinder.
Grinder is severely wounded.
Grinder gestures at you. Pain shoots through your body!
You barely miss Grinder.
Grinder is severely wounded.
Grinder gestures at you. You resist with significant effort.
You closely miss Grinder.
Grinder is severely wounded.
Grinder gestures at you.
You struggle to resist.
You hit Grinder but do no damage.
Grinder is severely wounded.
Grinder hits you.
You writhe in agony.
You hit Grinder.
Grinder is severely wounded.
Grinder barely misses you.
Aiming: Shock (safe; 12% risk of failure)
Press: ? - help, Q - select action, (/) - cycle Shift-Dir - straight line, f/p - Grinder
Aim: Grinder (severely wounded, 64% to hit)
The zap hits Grinder.
Grinder is severely wounded.
Grinder gestures at you. You resist with significant effort.
You closely miss Grinder.
Grinder is severely wounded.
You block Grinder's attack. Grinder misses you.
You barely miss Grinder.
Grinder is severely wounded.
Grinder gestures at you. Pain shoots through your body!
You die...

#.# #........# #.# #.######.#
#.####.###.######.#
#........†....##.###
#.###...##.###......# #.....#.#
####.#.# ##...##.. ...#.#
##5###### #####.# #@# #########.#
#.# #......##.## ##'##
#.####.#...# #.
##...###.##.......# #. ###
##.....##.##[#.#...# ###.##.##
##.......#.##.#.#####
.<......####..........##....#####
# #......).'.................(...
###.....####........)###....#####


You could see Grinder.

Vanquished Creatures
  A centaur skeleton (D:3)
  An iguana (D:4)
  Ijyb (D:4)
  An orc wizard (D:3)
  Robin (D:2)
  A howler monkey skeleton (D:3)
  An adder (D:3)
  A white imp (D:3)
  4 worms
  2 dart slugs
  3 orcs (D:3)
  7 endoplasms
  5 giant cockroaches
  12 goblins
  5 hobgoblins
  3 jackals (D:4)
  4 ball pythons
  A ball python skeleton (D:3)
  A ball python zombie (D:3)
  8 bats
  3 frilled lizards
  3 kobolds
  A quokka zombie (D:3)
  3 rats
73 creatures vanquished.

Vanquished Creatures (others)
  4 fungi (D:2)
4 creatures vanquished.

Grand Total: 77 creatures vanquished

Notes
Turn   | Place    | Note
-------+----------+-------------------------------------------
     0 | D:1      | McMuffin the Demigod Wanderer began the quest for the Orb.
     0 | D:1      | McMuffin set off with the following items: a +0 dagger, a
                  | wand of flame (3), a potion of attraction, a +0 robe, a
                  | scroll of teleportation; and the following spells available
                  | to memorise: Magic Dart, Searing Ray, Shock.
     0 | D:1      | Reached XP level 1. HP: 16/16 MP: 4/4
     2 | D:1      | Learned a level 1 spell: Shock
   527 | D:1      | Reached XP level 2. HP: 18/23 MP: 2/5
   784 | D:1      | Reached skill level 1 in Maces & Flails
  1137 | D:2      | Noticed Robin
  1162 | D:1      | Reached XP level 3. HP: 19/28 MP: 1/7
  1548 | D:2      | Killed Robin
  1549 | D:2      | Reached skill level 4 in Conjurations
  2055 | D:3      | Reached skill level 1 in Air Magic
  2207 | D:3      | Reached skill level 1 in Short Blades
  2227 | D:3      | Reached XP level 4. HP: 22/35 MP: 0/8
  2582 | D:3      | Reached XP level 5. HP: 39/40 MP: 4/10
  2853 | D:4      | Noticed Grinder
  2855 | D:4      | Paralysed by Grinder for 2 turns
  3228 | D:4      | Noticed Ijyb
  3270 | D:4      | Killed Ijyb
  3271 | D:4      | Reached skill level 1 in Dodging
  3271 | D:4      | Reached skill level 1 in Shields
  3465 | D:4      | Killed from afar by Grinder

Illustrated notes

Levels and vault maps discovered:
D:1:      minmay_arrival_stone_box, layout_basic
D:2:      layout_loops_corners, uniq_robin, uniq_sigmund,
          uniq_crazy_yiuf_cottage
D:3:      layout_loops_ring, serial_undead, serial_undead_a, serial_undead_e,
          serial_undead_e, serial_undead_f, basic_ecumenical_altar
D:4:      layout_loops_corners, uniq_ijyb, uniq_grinder

Skill      XL: |  1  2  3  4  5 |
---------------+----------------+-----
Maces & Flails | 1 |  1.0
Conjurations   | 4 |  4.2
Air Magic      | 1 |  1.3
Short Blades   | 1 |  1.9
Spellcasting   | 2 |  2.0
Dodging        | 1 |  1.0
Shields        | 1 |  1.0
Fighting       | |  1.2
Armour         | |  1.5
Stealth        | |  0.5
Evocations     | |  2.8

Action                   |  1- 3 |  4- 6 || total
-------------------------+-------+-------++-------
Melee: Mace              |    34 |       ||    34
       Short sword       |    77 |       ||    77
       Rapier            |    14 |    74 ||    88
 Cast: Shock             |    97 |    50 ||   147
Evoke: Wand              |     3 |       ||     3
  Use: Scroll            |     1 |    10 ||    11
       Potion            |       |     3 ||     3
 Stab: Sleeping          |       |     1 ||     1
Armor: Robe              |    51 |       ||    51
       Leather armour    |    11 |    25 ||    36
Dodge: Dodged            |    83 |    66 ||   149
Block: Buckler           |    22 |    29 ||    51

Table legend: (Time is in decaauts)
 A = Elapsed time spent in this place.
 B = Non-inter-level travel time spent in this place.
 C = Inter-level travel time spent in this place.
 D = Time resting spent in this place.
 E = Time spent auto-exploring this place.
 F = Levels seen in this place.
 G = Mean time per level.
                   A        B        C        D        E       F      G
               +--------+--------+--------+--------+--------+-----+--------+
         Total |   3493 |   3493 |      0 |    361 |      0 |   4 |  873.2 |
       Dungeon |   3493 |   3493 |      0 |    361 |      0 |   4 |  873.2 |
               +--------+--------+--------+--------+--------+-----+--------+

Top non-repeatable levels by time:
     D:1: 1151 daAuts
     D:3: 1017 daAuts
     D:2: 778 daAuts
     D:4: 545 daAuts
